 Dungeon Crawl Stone Soup version 0.18.1-5-g4a78601 (webtiles) character file.

79 dysrexia the Insei (level 4, -7/25 HPs)
             Began as a Tengu Transmuter on May 14, 2016.
             Mangled by Grinder (8 damage)
             ... on level 3 of the Dungeon.
             The game lasted 00:08:20 (2325 turns).

dysrexia the Insei (Tengu Transmuter)               Turns: 2325, Time: 00:08:21

Health: -7/25      AC:  3    Str: 10    XL:     4   Next: 37%
Magic:  6/8        EV: 13    Int: 14    God:
Gold:   195        SH:  0    Dex: 15    Spells: 2 memorised, 4 levels left

rFire  . . .     SeeInvis .       - Unarmed
rCold  . . .     Gourm    .     b - +1 robe
rNeg   . . .     Faith    .     (no shield)
rPois  .         Spirit   .     (helmet restricted)
rElec  .         Dismiss  .     (no cloak)
rCorr  .         Reflect  .     (no gloves)
SustAt .         Harm     .     (boots unavailable)
MR     .....                    (no amulet)
Stlth  +.........               (no ring)
                                (no ring)

@: appendage (expiring), very slightly contaminated, not resistant to hostile
enchantments, very unstealthy
A: beak, horns 2, talons 3
a: End Transformation


You were on level 3 of the Dungeon.
You were not hungry.
You had grown temporary horns.
You visited 1 branch of the dungeon, and saw 3 of its levels.

You collected 195 gold pieces.

Inventory:

Missiles
 a - 82 arrows
Armour
 b - a +1 robe (worn)
Jewellery
 i - a +3 amulet of reflection {unknown}
Wands
 s - a wand of teleportation (7/9)
Scrolls
 g - a scroll of enchant weapon
 r - a scroll of recharging {unknown}
Potions
 e - a potion of agility {unknown}
 f - a potion of lignification {unknown}
 h - 3 potions of haste
 j - 2 potions of flight {unknown}
 q - 2 potions of cancellation {unknown}
Books
 c - a book of Changes

   Spells                             Type                      Level
   a - Beastly Appendage              Transmutation                1
   b - Sticks to Snakes               Transmutation                2
   c - Spider Form                    Transmutation/Poison         3
   d - Ice Form                       Ice/Transmutation            4
   e - Blade Hands                    Transmutation                5
Comestibles
 d - 6 bread rations
 l - 2 meat rations
 p - 6 chunks of flesh


   Skills:
 * Level 1.3 Fighting
 - Level 2.6 Dodging
 - Level 5.0 Unarmed Combat
 - Level 2.0 Spellcasting
 + Level 1.9 Transmutations


You had 4 spell levels left.
You knew the following spells:

 Your Spells              Type           Power        Failure   Level  Hunger
a - Beastly Appendage     Trmt           #.....       14%         1    ##.....
b - Sticks to Snakes      Trmt           #.......     21%         2    ###....


Dungeon Overview and Level Annotations

Branches:
Dungeon (3/15)

Altars:
Pakellas
Sif Muna

Annotations:
D:3 Grinder


Innate Abilities, Weirdness & Mutations

You have a beak for a mouth.
You have claws for feet.
You have a pair of horns on your head.


Message History

Grinder is almost dead.
Grinder gestures at you.
You suddenly lose the ability to move!
The bat hits you. Grinder gestures at you. You resist with significant effort.
The bat hits you but does no damage.
Grinder blinks!
The bat hits you. Grinder hits you.
* * * LOW HITPOINT WARNING * * *
You writhe in agony.
* * * LOW HITPOINT WARNING * * *
The bat hits you but does no damage.
Grinder blinks!
You can move again.
You see here a chunk of flesh.
You hit Grinder. Your kick misses Grinder. Your peck misses Grinder.
Grinder is almost dead.
The bat hits you but does no damage. The bat hits you.
* * * LOW HITPOINT WARNING * * *
Grinder hits you!
You die...

#. .. ##### ##.
....##.. .b.#.# #...#
#..#.## ## ###
##.##b### ##.####.#
#...@5.##
##.......##.........###
##.#....<.....###.#...#
##.#.......####
###......# ##.#.....#.#
.....# .........#.#
.....# ...#######.###
.....# .#.## #.)..#
.....# .#..## ##...#
.....#


You could see Grinder and a bat.

Vanquished Creatures
  2 adders (D:2)
  3 oozes
  A worm (D:3)
  A dart slug (D:1)
  A ball python (D:2)
  2 giant cockroaches
  5 hobgoblins
  5 jackals
  4 bats
  4 giant newts
  6 goblins
  3 kobolds
  6 rats
43 creatures vanquished.

Vanquished Creatures (collateral kills)
  A worm (D:3)
1 creature vanquished.

Grand Total: 44 creatures vanquished

Notes
Turn   | Place    | Note
--------------------------------------------------------------
     0 | D:1      | dysrexia the Tengu Transmuter began the quest for the Orb.
     0 | D:1      | Reached XP level 1. HP: 12/12 MP: 4/4
   330 | D:1      | Reached XP level 2. HP: 9/16 MP: 6/6
   473 | D:1      | Reached skill level 4 in Unarmed Combat
   671 | D:1      | Reached XP level 3. HP: 11/20 MP: 5/7
  1196 | D:2      | Found a deep blue altar of Sif Muna.
  1272 | D:2      | Learned a level 2 spell: Sticks to Snakes
  1571 | D:2      | Found an oddly glowing altar of Pakellas.
  1581 | D:2      | Reached XP level 4. HP: 15/25 MP: 6/8
  1589 | D:2      | Reached skill level 5 in Unarmed Combat
  2290 | D:3      | Noticed Grinder
  2319 | D:3      | Paralysed by Grinder for 4 turns
  2325 | D:3      | HP: 1/25 [bat (1)]
  2325 | D:3      | Mangled by Grinder

Skill      XL: |  1  2  3  4 |
---------------+-------------+-----
Unarmed Combat | 4 5 |  5.0
Fighting       | |  1.3
Dodging        | |  2.6
Spellcasting   | |  2.0
Transmutations | |  1.9

Action                   |  1- 3 |  4- 6 || total
-------------------------+-------+-------++-------
Melee: Unarmed           |    79 |    46 ||   125
       Kick              |    19 |    12 ||    31
       Peck              |    10 |     4 ||    14
       Headbutt          |     5 |     3 ||     8
       Punch             |       |     1 ||     1
 Cast: Beastly Appendage |     9 |     2 ||    11
       Sticks to Snakes  |     1 |     2 ||     3
  Use: Scroll            |       |     5 ||     5
 Stab: Sleeping          |     1 |     2 ||     3
  Eat: Chunk             |     2 |     3 ||     5
Armor: Robe              |    11 |    17 ||    28
Dodge: Dodged            |    47 |    27 ||    74
